 Dungeon Crawl Stone Soup version 0.29.1-2-gbd0b4ee654 (webtiles) character file.

Game seed: 16641627812034321700

335 nshep25 the Chopper (level 6, 0/52 HPs)
             Began as a Minotaur Fighter on Oct 25, 2022.
             Was an Initiate of Gozag.
             Succumbed to a scorpion's poison
             ... on level 5 of the Dungeon.
             The game lasted 00:10:05 (2528 turns).

nshep25 the Chopper (Minotaur Fighter)              Turns: 2528, Time: 00:10:06

Health: 0/52       AC: 11    Str: 23    XL:     6   Next: 28%
Magic:  5/5        EV:  8    Int:  5    God:    Gozag
Gold:   67         SH:  4    Dex:  9    Spells: 5/5 levels left

rFire   . . .      SeeInvis .   a - +0 war axe
rCold   . . .      Faith    .   c - +0 buckler
rNeg    + . .      Spirit   .   i - +0 chain mail
rPois   .          Reflect  .   (helmet restricted)
rElec   .          Harm     .   (no cloak)
rCorr   .          Rampage  .   u - +0 pair of gloves
Will    .....                   (no boots)
Stlth   ..........              (no amulet)
HPRegen 0.17/turn               v - ring of positive energy
MPRegen 0.09/turn               (no ring)

@: lethally poisoned (0 -> -8), marked, gold aura
A: horns 2, retaliatory headbutt
a: Renounce Religion, Potion Petition, Call Merchant, Bribe Branch


You were on level 5 of the Dungeon.
You worshipped Gozag.
Gozag was noncommittal.
You visited 1 branch of the dungeon, and saw 5 of its levels.

You collected 283 gold pieces.
You spent 125 gold pieces at shops.
You paid 91 gold pieces to Gozag.

Inventory:

Hand Weapons
 a - a +0 war axe (weapon)
Missiles
 s - 3 javelins (quivered)
 x - a throwing net
 y - a boomerang
Armour
 b - a +0 scale mail
 c - a +0 buckler (worn)
 i - a +0 chain mail (worn)
 u - a +0 pair of gloves (worn)
Jewellery
 n - an amulet of reflection
 v - a ring of positive energy (left hand)
Scrolls
 e - 4 scrolls of enchant weapon
 f - a scroll of torment {unknown}
 g - 2 scrolls of immolation {unknown}
 h - 8 scrolls of identify
 k - 3 scrolls of vulnerability {unknown}
 o - 3 scrolls of teleportation
 p - a scroll of poison {unknown}
 q - 3 scrolls of amnesia {unknown}
Potions
 d - a potion of might
 j - 2 potions of flight {unknown}
 l - 2 potions of degeneration {unknown}
 r - 2 potions of heal wounds {unknown}
 t - 3 potions of lignification {unknown}
 w - a potion of attraction {unknown}
 z - a potion of mutation {unknown}


   Skills:
 + Level 4.3 Fighting
 * Level 6.1 Axes
 + Level 5.0 Armour
 + Level 0.8 Dodging
 + Level 4.6 Shields


You had 5 spell levels left.
You didn't know any spells.
Your spell library contained the following spells:

 Spells                   Type           Power      Damage    Failure   Level
 Apportation              Tloc           0%         N/A       99%         1
 Foxfire                  Conj/Fire      0%         2x1d4     99%         1
 Conjure Flame            Conj/Fire      0%         6-21      100%        3
 Inner Flame              Hex/Fire       0%         N/A       100%        3
 Flame Wave               Conj/Fire      0%         2d4       100%        4
 Alistair's Intoxication  Tmut/Pois      0%         N/A       100%        5


Dungeon Overview and Level Annotations

Branches:
Dungeon (5/15)
 Temple: D:4-7

Altars:
Ashenzari
Gozag
Makhleb
Xom
Yredelemnul

Shops:
D:3 ?   D:5 =

Annotations:
D:4 Eustachio, Sigmund


Innate Abilities, Weirdness & Mutations

You have a pair of horns on your head.
You reflexively headbutt those who attack you in melee.


Message History

The scorpion stings you but does no damage.
Sigmund says, "You will soon forget everything."
Sigmund hits you from afar with a +0 scythe.
* * * LOW HITPOINT WARNING * * *
The gnoll barely misses you.
The scorpion stings you but does no damage.
You slide downwards.
The hatch slams shut behind you.
The scorpion sets off the alarm!
The alarm trap emits a blaring wail!
A sentinel's mark forms upon you.
Reactivating autopickup.
You hear an angry hiss. x2; You hear a shout!
You hear an angry hiss.
You hear a shout!
You slash the gnoll!
You kill the gnoll!
You hit the scorpion.
The scorpion stings you but does no damage.
The water moccasin bites you but does no damage.
You feel better. The scorpion stings you.
* * * LOW HITPOINT WARNING * * *
The water moccasin barely misses you.
You slash the scorpion! Your headbutt misses the scorpion.
The scorpion is almost dead.
You miss the water moccasin. You block the water moccasin's attack.
The scorpion stings you but does no damage.
The water moccasin misses you. The scorpion stings you.
* * * LOW HITPOINT WARNING * * *
You are lethally poisoned!
The scorpion poisons you!
You barely miss the scorpion.
The scorpion is almost dead.
You closely miss the water moccasin.
* * * LOW HITPOINT WARNING * * *
You feel very sick. The water moccasin barely misses you.
You block the scorpion's attack. The water moccasin barely misses you.
You hit the scorpion.
The scorpion is almost dead.
You closely miss the water moccasin.
You die...
Your body crumbles into a pile of gold.

##+# ##...#
##.....##
#.......##
.........####..
.............
.......sS.#
#.....$@#
##.....##
##...# ##+#


You could see a water moccasin and a scorpion.

Vanquished Creatures
  Blork the orc (D:4)
  A hound (D:4)
  Natasha (twice) (D:4)
  A gnoll (D:5)
  5 adders
  3 worms
  3 dart slugs
  19 orcs
  8 endoplasms
  6 giant cockroaches
  8 goblins
  2 hobgoblins
  3 jackals (D:3)
  4 quokkas
  9 ball pythons
  5 bats
  14 frilled lizards
  8 rats
102 creatures vanquished.

Vanquished Creatures (others)
  3 plants (D:2)
3 creatures vanquished.

Grand Total: 105 creatures vanquished

Notes
Turn   | Place    | Note
-------+----------+-------------------------------------------
     0 | D:1      | nshep25 the Minotaur Fighter began the quest for the Orb.
     0 | D:1      | Reached XP level 1. HP: 19/19 MP: 0/0
   103 | D:1      | Reached XP level 2. HP: 27/27 MP: 1/1
   655 | D:2      | Reached XP level 3. HP: 30/33 MP: 2/2
   853 | D:2      | Reached skill level 3 in Axes
  1442 | D:3      | Reached XP level 4. HP: 30/40 MP: 3/3
  1583 | D:3      | Reached skill level 4 in Axes
  1852 | D:3      | Found Irchent's Magic Scroll Boutique.
  1860 | D:3      | Bought a scroll of enchant weapon for 75 gold pieces
  1860 | D:3      | Bought a scroll of identify for 20 gold pieces
  1860 | D:3      | Bought a scroll of teleportation for 30 gold pieces
  1896 | D:3      | Reached XP level 5. HP: 46/46 MP: 4/4
  2341 | D:4      | Noticed Eustachio
  2350 | D:5      | Entered Level 5 of the Dungeon
  2357 | D:5      | Found Cocan's Jewellery Shop.
  2388 | D:5      | Noticed a black bear
  2402 | D:4      | Found an opulent altar of Gozag.
  2402 | D:4      | Found a shimmering altar of Xom.
  2402 | D:4      | Noticed Natasha
  2406 | D:4      | Reached skill level 5 in Axes
  2412 | D:4      | Killed Natasha
  2413 | D:4      | Found a basalt altar of Yredelemnul.
  2415 | D:4      | Found a burning altar of Makhleb.
  2416 | D:4      | Found a broken altar of Ashenzari.
  2420 | D:4      | Became a worshipper of Gozag Ym Sagoz the Greedy
  2507 | D:4      | Noticed Blork the orc
  2508 | D:4      | Noticed Natasha
  2511 | D:4      | Noticed Sigmund
  2516 | D:4      | Killed Natasha
  2518 | D:4      | Killed Blork the orc
  2519 | D:4      | Reached skill level 6 in Axes
  2519 | D:4      | Reached skill level 5 in Armour
  2519 | D:4      | Reached XP level 6. HP: 14/52 MP: 5/5
  2522 | D:4      | HP: 2/52 [Sigmund/+0 scythe (5)]
  2523 | D:5      | Noticed a water moccasin
  2527 | D:5      | HP: 2/52 [poisoned by a scorpion]
  2528 | D:5      | Succumbed to a scorpion's poison

Illustrated notes

Levels and vault maps discovered:
D:1:      saegor_arrival_simple_e, layout_rooms, feat_on_display
D:2:      layout_rooms, serial_corexii_hall, chequers_hall_statues_wall_a,
          corexii_hall_statues_i, minmay_lizard_king
D:3:      layout_loops_ring, serial_shops, shop, minmay_snake_closets
D:4:      layout_loops_ring, grunt_temple_overflow_open, enter_ossuary_5,
          chequers_jeans, minmay_manual_mess, uniq_sigmund, uniq_blork_the_orc,
          uniq_natasha, uniq_eustachio
D:5:      layout_loops_corners, fedhas_ov_isle_minmay,
          minmay_shop_enchanted_jewellery, hangedman_minor_gate_pass

Skill      XL: |  1  2  3  4  5 |
---------------+----------------+-----
Armour         | 4 5 |  5.0
Fighting       | 4 |  4.3
Shields        | 4 |  4.6
Axes           | 3 4 6 |  6.1
Dodging        | |  0.8

Action                   |  1- 3 |  4- 6 || total
-------------------------+-------+-------++-------
Melee: War axe           |    93 |   107 ||   200
       Headbutt          |    11 |     8 ||    19
Throw: Javelin           |     2 |       ||     2
  Use: Potion            |       |     1 ||     1
Armor: Scale mail        |    18 |       ||    18
       Chain mail        |    43 |    67 ||   110
Dodge: Dodged            |    42 |    58 ||   100
Block: Buckler           |    33 |    29 ||    62
